 Dungeon Crawl Stone Soup version 0.28-a0-1334-g1c9ffb4daf (webtiles) character file.

Game seed: 18266955036690483664

140 Grim the Twirler (level 5, -5/38 HPs)
             Began as a Mummy Gladiator on Dec 28, 2021.
             Slain by a gnoll (9 damage)
             ... on level 2 of the Dungeon.
             The game lasted 00:03:22 (2216 turns).

Grim the Twirler (Mummy Gladiator)                  Turns: 2216, Time: 00:03:23

Health: -5/38      AC:  8    Str: 17    XL:     5   Next: 2%
Magic:  5/5        EV: 10    Int:  9    God:
Gold:   139        SH:  0    Dex: 14    Spells: 4/4 levels left

rFire   x . .      SeeInvis .   a - +0 quarterstaff
rCold   + . .      Faith    .   (no shield)
rNeg    + + +      Spirit   .   n - +0 scale mail
rPois   ∞          Reflect  .   c - +0 helmet
rElec   .          Harm     .   e - scarf {shadows}
rCorr   .          Rampage  .   (no gloves)
Will    .....                   l - +0 pair of boots
Stlth   ..........              (no amulet)
HPRegen 0.12/turn               (no ring)
MPRegen 0.09/turn               (no ring)

@: no status effects
A: cold resistance 1, negative energy resistance 3, torment resistance 2, heat
vulnerability 1, no potions
a: no special abilities


You were on level 2 of the Dungeon.
You visited 1 branch of the dungeon, and saw 3 of its levels.

You collected 139 gold pieces.

Inventory:

Hand Weapons
 a - a +0 quarterstaff (weapon)
Missiles
 d - a throwing net (quivered)
 g - 69 stones
Armour
 b - a +0 leather armour
 c - a +0 helmet (worn)
 e - a scarf of shadows (worn)
 l - a +0 pair of boots (worn)
 n - a +0 scale mail (worn)
Magical Staves
 f - a staff of poison
Scrolls
 h - 2 scrolls of teleportation {unknown}
 i - a scroll of noise {unknown}
 j - a scroll of identify {unknown}
 k - a scroll of vulnerability {unknown}
 m - a scroll of brand weapon {unknown}


   Skills:
 - Level 2.0 Fighting
 + Level 4.7 Staves
 - Level 1.5 Throwing
 - Level 2.4 Dodging


You had 4 spell levels left.
You didn't know any spells.
Your spell library contained the following spells:

 Spells                   Type           Power      Damage    Failure   Level
 Freeze                   Ice            0%         1d3       83%         1
 Frozen Ramparts          Ice            0%         1d2       99%         3
 Hailstorm                Conj/Ice       0%         3d3       100%        4


Dungeon Overview and Level Annotations

Branches:
Dungeon (3/15)

Altars:
Vehumet


Innate Abilities, Weirdness & Mutations

You are immune to poison.
Your flesh is cold resistant. (rC+)
You are immune to negative energy. (rN+++)
You are immune to unholy pain and torment.
You are vulnerable to heat. (rF-)
You do not drink.


Message History

You have reached level 5!
You feel agile. The frilled lizard barely misses you.
There is a stone staircase leading up here.
Things that are here:
a +0 club; a gnoll corpse The frilled lizard bites you but does no damage.
The gnoll hits you but does no damage.
You climb upwards.
There is a stone staircase leading down here.
The gnoll hits you but does no damage. The frilled lizard barely misses you.
The gnoll barely misses you. The gnoll hits you but does no damage.
You hit the gnoll.
The gnoll is moderately wounded.
The gnoll barely misses you.
You sock the gnoll!
The gnoll is almost dead.
The gnoll hits you with a +0 flail!
* * * LOW HITPOINT WARNING * * *
You hit the gnoll but do no damage.
The gnoll is almost dead.
The gnoll hits you but does no damage.
You completely miss the gnoll.
The gnoll is almost dead.
The gnoll hits you with a +0 flail!
* * * LOW HITPOINT WARNING * * *
The gnoll hits you but does no damage.
You completely miss the gnoll.
The gnoll is almost dead.
The gnoll completely misses you.
Unknown command.
Throw: 2 throwing nets
Press: ? - help, Q - select action, (/) - cycle Shift-Dir - straight line, f - gnoll
Aim: a gnoll, wielding a +0 flail (almost dead, 63% to hit)
You throw a throwing net.
The throwing net closely misses the gnoll.
The throwing net closely misses the frilled lizard.
The gnoll hits you with a +0 flail!
You die...

#######
#.######.#.#
......# #.#
#...#.#
......# #.#
#g#.#.#
......###'##
#.###.#
...........#
#...#.#
..##.....†.#
#.###.#
..##.......#
#.gl#.#
.).'.......#
###g#.#
..##.......#
#@#.#
..<#.......#
##.#.#
..##########
#....# .^#
###### ..#
###


You could see 2 gnolls and a frilled lizard.

Vanquished Creatures
  An orc priest (D:3)
  3 adders
  A gnoll (D:3)
  2 worms (D:2)
  3 dart slugs (D:1)
  5 orcs (D:3)
  4 bats
  4 endoplasms (D:1)
  2 giant cockroaches (D:1)
  3 goblins
  3 hobgoblins
  4 jackals (D:1)
  A quokka (D:2)
  6 ball pythons (D:1)
  8 frilled lizards
  8 kobolds
  2 rats (D:1)
60 creatures vanquished.

Vanquished Creatures (others)
  12 plants (D:1)
12 creatures vanquished.

Grand Total: 72 creatures vanquished

Notes
Turn   | Place    | Note
-------+----------+-------------------------------------------
     0 | D:1      | Grim the Mummy Gladiator began the quest for the Orb.
     0 | D:1      | Reached XP level 1. HP: 16/16 MP: 1/1
   154 | D:1      | Reached XP level 2. HP: 20/22 MP: 2/2
   157 | D:1      | Reached skill level 3 in Staves
   239 | D:1      | Found a faded altar of an unknown god.
   481 | D:1      | Reached XP level 3. HP: 26/27 MP: 3/3
  1248 | D:2      | Reached skill level 4 in Staves
  1599 | D:2      | Reached XP level 4. HP: 33/33 MP: 4/4
  2053 | D:3      | Found a radiant altar of Vehumet.
  2195 | D:3      | Reached XP level 5. HP: 21/38 MP: 5/5
  2216 | D:2      | Slain by a gnoll

Illustrated notes

Levels and vault maps discovered:
D:1:      minmay_arrival_loop, layout_basic,
          shapermc_ecumenical_altar_starsandcircs, lexackson_kobold_supper
D:2:      layout_basic
D:3:      layout_basic, mainiacjoe_overflow_alcove_2, mainiacjoe_overflow_paths,
          uniq_ijyb, uniq_robin, uniq_pargi

Skill      XL: |  1  2  3 |
---------------+----------+-----
Staves         | 3 4 |  4.7
Fighting       | |  2.0
Throwing       | |  1.5
Dodging        | |  2.4

Action                   |  1- 3 |  4- 6 || total
-------------------------+-------+-------++-------
Melee: Quarterstaff      |   126 |    51 ||   177
Throw: Throwing net      |     2 |     2 ||     4
 Stab: Sleeping          |     1 |       ||     1
       Held in net/web   |     2 |     1 ||     3
       Distracted        |     1 |       ||     1
Armor: Leather armour    |    41 |    11 ||    52
       Scale mail        |       |     9 ||     9
Dodge: Dodged            |    85 |    33 ||   118

Table legend: (Time is in decaauts)
 A = Elapsed time spent in this place.
 B = Non-inter-level travel time spent in this place.
 C = Inter-level travel time spent in this place.
 D = Time resting spent in this place.
 E = Time spent auto-exploring this place.
 F = Levels seen in this place.
 G = Mean time per level.
                   A        B        C        D        E       F      G
               +--------+--------+--------+--------+--------+-----+--------+
         Total |   2236 |   2177 |     59 |    213 |   1435 |   3 |  745.3 |
       Dungeon |   2236 |   2177 |     59 |    213 |   1435 |   3 |  745.3 |
               +--------+--------+--------+--------+--------+-----+--------+

Top non-repeatable levels by time:
     D:1: 1053 daAuts
     D:2: 898 daAuts
     D:3: 284 daAuts
